Map: Estação Rei Sejong ER

Players

TheZergLord - Winner!

  • Race: Zerg Zerg
  • League: Master
  • Spawn Location: 5:00

Swat

  • Race: Terran Terran
  • Spawn Location: 11:00

VOD

Have the link to the VOD?

Description

Time

  • Played on: May 24, 2016, 3:27 p.m.
  • Length: 6:20
Show
View Real Time Build Order
Export as new Build Order

TheZergLord Zerg - Winner!

Build Orders: Hatch First 

Get SALT Encoding   

  12  0:01  Drone  
  13  0:12  Overlord  
  13  0:17  Drone  
  14  0:30  Drone x2  
  14  0:35  Drone  
  17  0:53  Hatchery  
  17  0:56  Drone  
  17  1:09  Spawning Pool  
  16  1:13  Drone  
  16  1:14  Extractor  
  16  1:18  Drone  
  17  1:21  Drone  
  18  1:28  Drone  
  19  1:39  Overlord  
  19  1:57  Queen  
  19  1:58  Zergling x2  
  23  2:01  Zergling x2  
  23  2:06  Queen  
  23  2:07  Zergling x2  
  26  2:15  Metabolic Boost  
  26  2:18  Drone x2  
  28  2:34  Roach Warren  
  25  2:53  Drone x2  
  25  2:54  Drone  
  25  2:57  Overlord  
  28  3:14  Roach  
  28  3:15  Roach x3  
  35  3:22  Roach  
  35  3:26  Overlord  
  38  3:27  Drone x3  
  38  3:42  Drone x4  
  42  3:53  Drone x4  
  46  3:59  Overlord  
  46  4:06  Drone  
  46  4:08  Drone  
  48  4:17  Roach x3  
  48  4:18  Zergling x2, Roach  
  53  4:41  Ravager  
  54  4:45  Drone x2  
  54  4:46  Drone x5  
  54  4:48  Hatchery, Overlord  
  59  5:02  Ravager  
  56  5:17  Drone x2  
  56  5:18  Drone x4  
  56  5:19  Queen x2  
  63  5:22  Extractor  
  63  5:23  Extractor  
  57  5:31  Ravager  
  57  5:32  Drone x2  
  60  5:47  Drone x2  
  60  5:50  Drone  
  61  5:58  Ravager  
Show
View Real Time Build Order
Export as new Build Order

Swat Terran 

Build Orders:  

Get SALT Encoding   

  12  0:01  SCV  
  13  0:13  SCV  
  14  0:21  Supply Depot  
  14  0:25  SCV  
  15  0:43  SCV  
  15  0:44  Barracks  
  15  0:47  Refinery  
  16  0:52  Refinery  
  16  0:55  SCV  
  17  1:10  SCV  
  18  1:24  Barracks  
  18  1:26  SCV  
  19  1:34  Reaper  
  19  1:38  SCV  
  21  1:49  Barracks  
  21  2:00  Supply Depot  
  21  2:06  Reaper  
  22  2:16  Reaper  
  23  2:26  Orbital Command  
  23  2:38  Reaper  
  25  2:51  Reaper x2  
  25  2:54  SCV  
  27  3:00  Supply Depot  
  27  3:02  Barracks  
  27  3:10  Reaper  
  29  3:43  SCV  
  29  3:48  Barracks Tech Lab  
  25  3:54  Barracks Tech Lab  
  25  3:55  Barracks Tech Lab, Supply Depot  
  25  3:57  SCV  
  25  4:01  Barracks  
  26  4:09  SCV  
  27  4:11  Factory  
  27  4:12  Marauder  
  27  4:13  Command Center  
  29  4:37  Marauder x2  
  31  4:43  Marine  
  27  4:54  Marine  
  27  4:58  Marauder  
  27  4:59  Marauder  
  30  5:08  Marine  
  30  5:11  Marine  
  28  5:19  Marine  
  28  5:20  Marauder  
  30  5:37  Barracks Reactor  
  30  5:38  Marauder  
  26  5:50  Marine  
  26  5:51  Marine  
Tags
 
Add a new tag
Caveats
  • Supply blocks, unpowered buildings, or Contaminate may cause inaccurate times.
  • Supply counts are checked every 10 seconds.